 Dungeon Crawl Stone Soup version 0.31-a0-219-g8d62b2e7bb (webtiles) character file.

Game seed: 1157508004514361973

49 lessens the Chopper (level 3, 0/29 HPs)
             Began as a Draconian Reaver on July 4, 2023.
             Succumbed to a kobold's poison
             ... on level 2 of the Dungeon.
             The game lasted 00:01:35 (1463 turns).

lessens the Chopper (Draconian Reaver)              Turns: 1463, Time: 00:01:36

Health: 0/29       AC:  5    Str: 16    XL:     3   Next: 53%
Magic:  6/6        EV: 12    Int: 13    God:
Gold:   60         SH:  0    Dex:  9    Spells: 5/6 levels left

rFire   . . .        a - +0 hand axe
rCold   . . .        (no shield)
rNeg    . . .        (body armour unavailable)
rPois   .            (helmet restricted)
rElec   .            (no cloak)
rCorr   .            (no gloves)
SInv    .            (no boots)
Will    .....        (no amulet)
Stlth   +            (no ring)
HPRegen 0.24/turn    (no ring)
MPRegen 0.10/turn

%: no passive effects
@: lethally poisoned (0 -> -7)
A: AC +5, unfitting armour, cold-blooded, subdued magic 1
a: no special abilities


You were on level 2 of the Dungeon.
You visited 1 branch of the dungeon, and saw 2 of its levels.

You collected 60 gold pieces.

Inventory:

Hand Weapons
 a - a +0 hand axe (weapon)
Missiles
 d - 10 stones
Scrolls
 b - a scroll of enchant armour {unknown}
 f - a scroll of revelation {unknown}
 g - a scroll of identify {unknown}
 h - 2 scrolls of acquirement {unknown}
 i - a scroll of noise {unknown}
Potions
 e - a potion of invisibility {unknown}


   Skills:
 - Level 2.1 Fighting
 + Level 4.6 Axes
 - Level 1.7 Dodging
 - Level 2.0 Spellcasting
 - Level 3.0 Conjurations


You had 5 spell levels left.
You knew the following spells:

 Your Spells              Type           Power      Damage    Failure   Level
a - Kiss of Death         Conj/Necr      16%        2d6       12%         1

Your spell library contained the following spells:

 Spells                   Type           Power      Damage    Failure   Level
 Momentum Strike          Conj/Tloc      8%         3d8       17%         2
 Poisonous Vapours        Pois/Air       2%         N/A       32%         2
 Hailstorm                Conj/Ice       4%         3d4       34%         3
 Mephitic Cloud           Conj/Pois/Air  3%         N/A       41%         3
 Freezing Cloud           Conj/Ice/Air   1%         6-21      99%         5


Dungeon Overview and Level Annotations

Branches:
Dungeon (2/15) Zot: 10523

Altars:


Innate Abilities, Weirdness & Mutations

Your plain brown scales are hard. (AC +5)
You cannot fit into any form of body armour.
You are cold-blooded and may be slowed by cold attacks.
Your spells are a little easier to cast, but a little less powerful.


Message History

You are poisoned.
You hit the kobold.
The kobold is severely wounded.
You feel very sick. The kobold closely misses you.
The jackal stops to sniff the ground.
You closely miss the kobold.
The kobold is severely wounded.
You feel sick. The kobold hits you but does no damage.
You are more poisoned.
You hit the kobold but do no damage.
Your tail-slap misses the kobold.
The kobold is severely wounded.
You feel very sick.
The kobold hits you with a +1 dagger of venom.
You are more poisoned.
A kobold comes into view. It is wielding a +0 dagger.
The kobold hits you but does no damage.
You are lethally poisoned!
You hit the kobold.
You kill the kobold!
You feel very sick. The bat barely misses you.
It was a potion of mutation.
You feel extremely strange.
You feel stupid.
You feel very sick. The bat barely misses you. The bat closely misses you.
Really quaff the potion of mutation?
You feel extremely strange.
You feel clever.
Your connection to magic feels subdued.
* * * LOW HITPOINT WARNING * * *
You feel very sick. The bat hits you but does no damage. The bat misses you.
* * * LOW HITPOINT WARNING * * *
You feel very sick. The bat barely misses you. x2
The jackal attacks as you move away! The jackal barely misses you.
* * * LOW HITPOINT WARNING * * *
You feel sick.
The bat barely misses you. x2; The jackal barely misses you.
The bat hits you but does no damage.
You die...

h.#.....#..
#......#...
.'...).'.
#.###...... #K.!..#
#.......### #..J..#
#.......... ###w###
#.......... #...b.##
+..........
##..h..##
#..........
##.b...##
#..........
##..@..##
#..........
##..†..###.#.##.####
######'####..#.##.#
#
................##.#
#
.#######.......###.#
# ######### #.# #.#
#.# #.#


You could see a worm, an endoplasm, a jackal, 2 bats and a kobold.

Vanquished Creatures
  2 adders (D:2)
  A dart slug (D:1)
  An endoplasm (D:2)
  5 giant cockroaches (D:1)
  A goblin (D:2)
  2 hobgoblins (D:1)
  6 kobolds
  A quokka (D:2)
  2 ball pythons
  2 bats (D:1)
  2 frilled lizards (D:2)
  2 rats (D:1)
27 creatures vanquished.

Notes
Turn   | Place    | Note
-------+----------+-------------------------------------------
     0 | D:1      | lessens the Draconian Reaver began the quest for the Orb.
     0 | D:1      | Reached XP level 1. HP: 17/17 MP: 3/3
     6 | D:1      | Noticed a snapping turtle
     6 | D:1      | Noticed a swamp worm
     6 | D:1      | Noticed a swamp drake
     7 | D:1      | Noticed a polar bear
   237 | D:1      | Reached XP level 2. HP: 17/24 MP: 5/5
   643 | D:1      | Reached skill level 4 in Axes
  1019 | D:2      | Found a faded altar of an unknown god.
  1186 | D:2      | Reached XP level 3. HP: 29/29 MP: 6/6
  1459 | D:2      | Gained mutation: You are dopey. (Int -2) [potion of
                  | mutation]
  1460 | D:2      | Lost mutation: You are dopey. (Int -2) [potion of mutation]
  1460 | D:2      | Gained mutation: Your spells are a little easier to cast,
                  | but a little less powerful. [potion of mutation]
  1463 | D:2      | Succumbed to a kobold's poison

Illustrated notes

Levels and vault maps discovered:
D:1:      onia_arrival_zoo_common, layout_basic
D:2:      layout_basic, hellmonk_ecumenical_altar_blasted,
          chequers_serial_rivers_small_3, hangedman_decor_push,
          minmay_quadrilaterals, uniq_crazy_yiuf_cottage

Skill      XL: |  1  2 |
---------------+-------+-----
Axes           | 4 |  4.6
Fighting       | |  2.1
Dodging        | |  1.7
Spellcasting   | |  2.0
Conjurations   | |  3.0

Action                     || total
---------------------------++-------
  Melee: Hand axe          ||   107
         Tailslap          ||    10
    Use: Potion            ||     2
   Stab: Sleeping          ||     1
 Armour: Skin              ||    34
  Dodge: Dodged            ||    82

Table legend: (Time is in decaauts)
 A = Elapsed time spent in this place.
 B = Non-inter-level travel time spent in this place.
 C = Inter-level travel time spent in this place.
 D = Time resting spent in this place.
 E = Time spent auto-exploring this place.
 F = Levels seen in this place.
 G = Mean time per level.
                   A        B        C        D        E       F      G
               +--------+--------+--------+--------+--------+-----+--------+
         Total |   1477 |   1471 |      6 |      0 |   1257 |   2 |  738.5 |
       Dungeon |   1477 |   1471 |      6 |      0 |   1257 |   2 |  738.5 |
               +--------+--------+--------+--------+--------+-----+--------+

Top non-repeatable levels by time:
     D:1: 876 daAuts
     D:2: 600 daAuts

Levels and vault maps discovered:
D:1:      onia_arrival_zoo_common, layout_basic
D:2:      layout_basic, hellmonk_ecumenical_altar_blasted,
          chequers_serial_rivers_small_3, hangedman_decor_push,
          minmay_quadrilaterals, uniq_crazy_yiuf_cottage
